 Dungeon Crawl Stone Soup version 0.18.1-48-g4cf74bf (webtiles) character file.

307 Gargoyl the Skirmisher (level 6, -2/48 HPs)
             Began as a Demonspawn Abyssal Knight on June 25, 2016.
             Was a Believer of Lugonu.
             Killed by nerve-wracking pain
             ... invoked by a shadow imp
             ... summoned by Eustachio
              (10 damage)
             ... on level 4 of the Dungeon.
             The game lasted 00:06:12 (3016 turns).

Gargoyl the Skirmisher (Demonspawn Abyssal Knight)  Turns: 3016, Time: 00:06:13

Health: -2/48      AC:  5    Str: 14      XL:     6   Next: 16%
Magic:  7/7        EV: 11    Int: 13      God:    Lugonu [**....]
Gold:   339        SH:  0    Dex: 11 (13) Spells: 0 memorised, 5 levels left

rFire  + . .     SeeInvis .     a - +1 hand axe
rCold  . . .     Gourm    .     m - +0 ring mail
rNeg   . . .     Faith    .     (no shield)
rPois  .         Spirit   .     (helmet restricted)
rElec  .         Dismiss  .     (no cloak)
rCorr  .         Reflect  .     (no gloves)
SustAt .         Harm     .     (no boots)
MR     .....                    (no amulet)
Stlth  +.........               (no ring)
                                q - ring of protection from fire

@: very slightly contaminated, hasted, very quick, not resistant to hostile
enchantments, very unstealthy
A: horns 2, talons 1, powered by death 1
a: Depart the Abyss, Bend Space, Renounce Religion


You were on level 4 of the Dungeon.
You worshipped Lugonu.
Lugonu was pleased with you.
You were not hungry.

You visited 1 branch of the dungeon, and saw 4 of its levels.
You visited the Abyss 1 time.

You collected 339 gold pieces.

Inventory:

Hand Weapons
 a - a +1 hand axe (weapon)
Armour
 m - a +0 ring mail (worn)
Jewellery
 q - a ring of protection from fire (left hand)
Wands
 g - a wand of flame (22/48)
 r - a wand of flame (12/48)
 w - a wand of paralysis (14/24)
 x - a wand of paralysis (8/24)
Scrolls
 b - 3 scrolls of remove curse {unknown}
 e - 2 scrolls of amnesia {unknown}
 f - a scroll of torment {unknown}
 i - 2 scrolls of teleportation {unknown}
 l - 5 scrolls of identify {unknown}
 s - 2 scrolls of noise {unknown}
 u - 2 scrolls of enchant armour {unknown}
 y - a scroll of immolation {unknown}
Potions
 d - 2 potions of magic
 h - a potion of brilliance {unknown}
 k - a potion of degeneration {unknown}
 n - a potion of curing
 t - a potion of cancellation {unknown}
 A - a potion of lignification {unknown}
Comestibles
 c - 3 bread rations
 j - 2 beef jerkies
 v - a slice of pizza
 z - 5 chunks of flesh


   Skills:
 + Level 4.1 Fighting
 + Level 2.8 Axes
 * Level 4.0 Armour
 + Level 2.5 Dodging
 + Level 0.4 Stealth
 + Level 2.5 Invocations


You had 5 spell levels left.
You didn't know any spells.

Dungeon Overview and Level Annotations

Branches:
Dungeon (4/15)             Temple (0/1) D:4

Altars:
Fedhas
Gozag

Annotations:
D:4 Eustachio


Innate Abilities, Weirdness & Mutations

You have a pair of horns on your head.
You have sharp toenails.
You regenerate a little health from kills.


Message History

The river rat barely misses you. The shadow imp misses you.
You see here a hand axe.
You hit the quokka.
You kill the quokka!
The quokka's corpse disappears in a puff of smoke!
You hit the river rat.
The river rat is moderately wounded.
You hit the bat.
The bat is heavily wounded.
You closely miss the shadow imp.
The shadow imp is almost dead.
You closely miss the iron imp.
The iron imp is moderately wounded.
The bat hits you but does no damage.
Eustachio mumbles some strange words.
Eustachio blinks!
The iron imp misses you. The river rat bites you.
* * * LOW HITPOINT WARNING * * *
The shadow imp gestures at you. Pain shoots through your body!
You die...

.?....=.... ..........
......... .......# ..# ##
### #.....# ..# #. ..#
####....b+ ..# #. #.#
........r# #.# #.##.#
.......5@# #.# #....##
.......55####.# #.....###
.##....(.##...####...<...
.........#........#######
#@...>...'........'......
#.....ยง.##(.......#######
#..........#####'##
#............# #.#
#............# #.#


You could see Eustachio, an iron imp, a quasit, a river rat, a shadow imp and a
bat.

Vanquished Creatures
  The ghost of tschems the Grave Robber, an amateur HuNe (D:3)
  A hound (D:3)
  Jessica (D:2)
  Robin (D:2)
  4 adders
  3 worms
  4 dart slugs
  A giant gecko (D:1)
  4 giant cockroaches
  15 goblins
  11 hobgoblins
  2 jackals (D:2)
  8 bats
  7 giant newts
  3 kobolds
  4 rats
  A fungus (D:1)
71 creatures vanquished.

Vanquished Creatures (others)
  4 starspawn tentacles (Abyss:4)
4 creatures vanquished.

Grand Total: 75 creatures vanquished

Notes
Turn   | Place    | Note
--------------------------------------------------------------
     0 | Abyss:1  | Gargoyl the Demonspawn Abyssal Knight began the quest for the Orb.
     0 | Abyss:1  | Reached XP level 1. HP: 18/18 MP: 2/2
    57 | Abyss:2  | Noticed a small abomination
    67 | Abyss:2  | Noticed a large abomination
    95 | Abyss:3  | Noticed a komodo dragon
    95 | Abyss:3  | a shapeshifter changed into a komodo dragon
    96 | Abyss:3  | Noticed an Executioner
   146 | Abyss:4  | Noticed a tentacled starspawn
   151 | Abyss:4  | Noticed a jelly
   151 | Abyss:4  | Noticed a tentacled starspawn
   153 | Abyss:4  | Noticed a large abomination
   159 | Abyss:4  | Noticed a chaos spawn
   160 | D:1      | Escaped the Abyss
   268 | D:1      | Reached skill level 1 in Dodging
   447 | D:1      | Gained mutation: You have a pair of small horns on your head. [demonic ancestry]
   447 | D:1      | Reached XP level 2. HP: 24/24 MP: 3/3
   557 | D:1      | Reached * piety under Lugonu
  1021 | D:1      | Gained mutation: You have a pair of horns on your head. [demonic ancestry]
  1021 | D:1      | Reached XP level 3. HP: 17/29 MP: 4/4
  1847 | D:2      | Noticed Robin
  1849 | D:2      | Noticed Jessica
  1866 | D:2      | Reached ** piety under Lugonu
  1866 | D:2      | Gained mutation: You regenerate a little health from kills. [demonic ancestry]
  1866 | D:2      | Reached XP level 4. HP: 10/35 MP: 5/5
  1948 | D:2      | Killed Jessica
  1966 | D:2      | Killed Robin
  2298 | D:2      | Found an opulent altar of Gozag.
  2308 | D:2      | Found a blossoming altar of Fedhas.
  2429 | D:3      | Reached XP level 5. HP: 32/42 MP: 6/6
  2494 | D:3      | Found a faded altar to an unknown god.
  2530 | D:3      | Noticed tschems's ghost (amateur HuNe)
  2551 | D:3      | Killed tschems's ghost
  2551 | D:3      | Gained mutation: You have sharp toenails. [demonic ancestry]
  2551 | D:3      | Reached XP level 6. HP: 15/48 MP: 7/7
  2977 | D:4      | Found a staircase to the Ecumenical Temple.
  2982 | D:4      | Noticed Eustachio
  3016 | D:4      | Killed from afar by a shadow imp

Skill      XL: |  1  2  3  4  5 |
---------------+----------------+-----
Dodging        | 1 2 |  2.5
Axes           | 2 |  2.8
Armour         | 2 3 4 |  4.0
Fighting       | 4 |  4.1
Stealth        | |  0.4
Invocations    | |  2.5

Action                   |  1- 3 |  4- 6 || total
-------------------------+-------+-------++-------
Melee: Hand axe          |   115 |   124 ||   239
       Headbutt          |    11 |    19 ||    30
       Kick              |       |     6 ||     6
Invok: Depart the Abyss  |     1 |       ||     1
Evoke: Wand              |       |     3 ||     3
  Use: Potion            |       |     7 ||     7
  Eat: Chunk             |     3 |     4 ||     7
Armor: Leather armour    |    23 |       ||    23
       Ring mail         |    36 |    73 ||   109
Dodge: Dodged            |    81 |   104 ||   185
